 Dungeon Crawl Stone Soup version 0.29-a0-330-g52719c12eb (webtiles) character file.

Game seed: 5098285399375706342

49 kae the Firebug (level 3, -1/26 HPs)
             Began as a Demigod Fire Elementalist on Apr 25, 2022.
             Slain by a gnoll
             ... wielding a +0 club
              (3 damage)
             ... on level 2 of the Dungeon.
             The game lasted 00:01:41 (2468 turns).

kae the Firebug (Demigod Fire Elementalist)         Turns: 2468, Time: 00:01:42

Health: -1/26      AC:  3    Str: 11    XL:     3   Next: 32%
Magic:  9/9        EV: 12    Int: 21    God:
Gold:   78         SH:  0    Dex: 16    Spells: 3/6 levels left

rFire   . . .      SeeInvis .   (no weapon)
rCold   . . .      Faith    .   (no shield)
rNeg    . . .      Spirit   .   a - +0 robe
rPois   .          Reflect  .   (no helmet)
rElec   .          Harm     .   (no cloak)
rCorr   .          Rampage  .   (no gloves)
Will    .....                   f - +0 pair of boots
Stlth   ++........              (no amulet)
HPRegen 0.08/turn               (no ring)
MPRegen 0.11/turn               (no ring)

@: flying
A: high MP 1, forlorn, divine attributes, agile 1, strong 1, subdued magic 1
a: no special abilities


You were on level 2 of the Dungeon.
You visited 1 branch of the dungeon, and saw 3 of its levels.

You collected 78 gold pieces.

Inventory:

Armour
 a - a +0 robe (worn)
 f - a +0 pair of boots (worn)
Scrolls
 c - 6 scrolls of identify
 e - 3 scrolls of teleportation {unknown}
 i - 2 scrolls of fog {unknown}
 k - a scroll of enchant weapon {unknown}
Potions
 b - a potion of magic
 d - a potion of degeneration
 h - a potion of lignification {unknown}


   Skills:
 - Level 1.7 Dodging
 - Level 1.7 Stealth
 + Level 2.4 Spellcasting
 + Level 1.8 Conjurations
 + Level 3.2 Fire Magic


You had 3 spell levels left.
You knew the following spells:

 Your Spells              Type           Power      Damage    Failure   Level
a - Foxfire               Conj/Fire      40%        2x1d6     3%          1
b - Scorch                Fire           24%        2d6       4%          2

Your spell library contained the following spells:

 Spells                   Type           Power      Damage    Failure   Level
 Conjure Flame            Conj/Fire      10%        6-21      12%         3
 Inner Flame              Hex/Fire       7%         N/A       19%         3
 Flame Wave               Conj/Fire      10%        2d5       38%         4
 Fireball                 Conj/Fire      5%         3d5       77%         5
 Iskenderun's Battlesphe  Conj           8%         2d6       86%         5
 Conjure Ball Lightning   Conj/Air       2%         3x3d6     100%        6
 Orb of Destruction       Conj           4%         9d5       100%        7
 Chain Lightning          Conj/Air       2%         3d3       100%        9
 Fire Storm               Conj/Fire      5%         8d1       100%        9
 Shatter                  Erth           0%         3d5*      100%        9


Dungeon Overview and Level Annotations

Branches:
Dungeon (3/15)


Innate Abilities, Weirdness & Mutations

You have an increased reservoir of magic. (+10% MP)
You shall have no god before yourself.
Your divine heritage dramatically boosts your attributes as you level up.
You are agile. (Dex +2)
Your muscles are strong. (Str +2)
Your spells are a little easier to cast, but a little less powerful.


Message History

There is a stone staircase leading down here.
You climb downwards.
Found a scroll labelled QAKASUTANN.
Found a stone staircase leading down.
There is a stone staircase leading up here.
There are monsters nearby!
Okay, then.
Casting: Foxfire (safe; 4% risk of failure)
Confirm with . or Enter, or press ? or * to list all spells.
You conjure some foxfire!
The gnoll shouts!
The foxfire hits the gnoll.
The gnoll is moderately wounded.
The foxfire hits the gnoll.
The gnoll is heavily wounded.
The gnoll throws a throwing net.
The throwing net hits you.
You become entangled in the net!
You struggle against the net.
The gnoll hits you from afar with a +0 spear.
You tear a large gash into the net.
The gnoll hits you from afar with a +0 spear.
You shred the net and break free! The gnoll hits you with a +0 club.
The gnoll hits you from afar with a +0 spear!
* * * LOW HITPOINT WARNING * * *
The gnoll hits you from afar with a +0 spear.
* * * LOW HITPOINT WARNING * * *
The gnoll misses you. The gnoll hits you with a +0 club.
* * * LOW HITPOINT WARNING * * *
The gnoll closely misses you.
You climb upwards.
There is a stone staircase leading down here.
You can't go up here!
Unknown command.
It was a potion of flight.
You feel very buoyant.
You fly up into the air.
The gnoll misses you.
It was a potion of mutation.
You feel extremely strange.
You feel stronger.
You feel agile.
Your connection to magic feels subdued.
The gnoll closely misses you. The gnoll attacks as you move away!
The gnoll hits you with a +0 club.
You die...

....###.###..........###.#..#....
...≈♣.........#####'## #.#).#..##
...≈≈.........#####.####.#..#....
♣..P♣P.................).#####.#.
...≈≈♣≈#.............###....##.#.
≈...≈≈♣♣...........#.....#.....#.
....≈≈P♣♣...................#####
≈...P≈≈♣♣....)...g.#.......##
≈.(≈P≈♣♣♣.......@###.####..#
≈...≈≈♣♣♣#######.# #.# #...#
≈≈...≈≈♣ #.# #.# #..#####
P....≈≈♣ #.###.# #[.....#
≈...≈P≈♣# #.....# #.####.#
≈....≈♣.# ####### #.# #.#
≈≈...P#.# #.# #.# P≈...)..#
#.####.# P♣...##.# #......#


You could see a gnoll.

Vanquished Creatures
  An adder (D:2)
  2 worms (D:2)
  A dart slug (D:1)
  3 ball pythons (D:2)
  3 bats
  3 endoplasms (D:1)
  2 giant cockroaches
  3 hobgoblins
  2 quokkas
  4 frilled lizards (D:1)
  2 goblins
  2 kobolds (D:2)
  3 rats
31 creatures vanquished.

Vanquished Creatures (others)
  121 foxfires
121 creatures vanquished.

Grand Total: 152 creatures vanquished

Notes
Turn   | Place    | Note
-------+----------+-------------------------------------------
     0 | D:1      | kae the Demigod Fire Elementalist began the quest for the
                  | Orb.
     0 | D:1      | Reached XP level 1. HP: 14/14 MP: 5/5
    43 | D:1      | Reached skill level 1 in Conjurations
   506 | D:1      | Reached XP level 2. HP: 20/20 MP: 4/7
   803 | D:1      | Reached skill level 3 in Fire Magic
  1235 | D:2      | Learned a level 2 spell: Scorch
  1994 | D:2      | Reached XP level 3. HP: 26/26 MP: 5/9
  2467 | D:2      | Gained mutation: Your muscles are strong. (Str +2) [potion
                  | of mutation]
  2467 | D:2      | Gained mutation: You are agile. (Dex +2) [potion of
                  | mutation]
  2467 | D:2      | Gained mutation: Your spells are a little easier to cast,
                  | but a little less powerful. [potion of mutation]
  2468 | D:2      | Slain by a gnoll

Illustrated notes

Levels and vault maps discovered:
D:1:      dpeg_arrival_simpleton_c, layout_basic,
          shapermc_ecumenical_altar_acropolis
D:2:      layout_basic, basic_altar, serial_bayou_ford_a, minmay_tromino_v4_b
D:3:      layout_loops_corners

Skill      XL: |  1  2 |
---------------+-------+-----
Conjurations   | 1 |  1.8
Spellcasting   | 2 |  2.4
Fire Magic     | 3 |  3.2
Dodging        | |  1.7
Stealth        | |  1.7

Action                   || total
-------------------------++-------
Melee: Unarmed           ||    14
 Cast: Foxfire           ||    73
  Use: Scroll            ||     1
       Potion            ||     2
Armor: Robe              ||     7
Dodge: Dodged            ||    37

Table legend: (Time is in decaauts)
 A = Elapsed time spent in this place.
 B = Non-inter-level travel time spent in this place.
 C = Inter-level travel time spent in this place.
 D = Time resting spent in this place.
 E = Time spent auto-exploring this place.
 F = Levels seen in this place.
 G = Mean time per level.
                   A        B        C        D        E       F      G
               +--------+--------+--------+--------+--------+-----+--------+
         Total |   2480 |   2398 |     82 |    142 |   1955 |   3 |  826.7 |
       Dungeon |   2480 |   2398 |     82 |    142 |   1955 |   3 |  826.7 |
               +--------+--------+--------+--------+--------+-----+--------+

Top non-repeatable levels by time:
     D:2: 1253 daAuts
     D:1: 1220 daAuts
     D:3: 6 daAuts
